 Dungeon Crawl Stone Soup version 0.18-a0-1628-g61c6396 (webtiles) character file.

134 dohliylev the Covert (level 4, 0/29 HPs)
             Began as a Vampire Assassin on Mar 25, 2016.
             Was an Initiate of Ru.
             Slain by a hobgoblin
             ... wielding a +0 club
              (2 damage)
             ... on level 3 of the Dungeon.
             The game lasted 00:14:51 (1564 turns).

dohliylev the Covert (Vampire Assassin)             Turns: 1564, Time: 00:14:51

Health: 0/29       AC:  3    Str: 10    XL:     4   Next: 95%
Magic:  4/4        EV: 13    Int: 13    God:    Ru [......]
Gold:   67         SH:  0    Dex: 16    Spells: 0 memorised, 3 levels left

rFire  . . .     SeeInvis +     a - +2 dagger
rCold  + . .     Gourm    .     c - +0 robe
rNeg   + + .     Faith    .     (no shield)
rPois  +         Spirit   .     (no helmet)
rElec  .         Dismiss  .     d - +0 cloak
rCorr  .         Reflect  .     (no gloves)
SustAt .         Harm     .     (no boots)
MR     .....                    (no amulet)
Stlth  +++++.....               (no ring)
                                (no ring)

@: regenerating slowly, not resistant to hostile enchantments, quite stealthy
A: fangs 3, see invisible, frail 1, unbreathing
a: Bat Form, Renounce Religion


You were on level 3 of the Dungeon.
You worshipped Ru.
Ru was noncommittal.
You were thirsty.

You visited 1 branch of the dungeon, and saw 3 of its levels.

You collected 67 gold pieces.

Inventory:

Hand Weapons
 a - a +2 dagger (weapon)
 b - a +0 blowgun
Missiles
 e - 7 poisoned needles
 f - 2 curare-tipped needles
Armour
 c - a +0 robe (worn)
 d - a +0 cloak (worn)
 i - a +0 robe
Scrolls
 j - a scroll of magic mapping {unknown}
 n - a scroll of remove curse {unknown}
 o - a scroll of enchant armour {unknown}
 q - 3 scrolls of recharging {unknown}
 s - a scroll of identify {unknown}
 t - a scroll of random uselessness {unknown}
Potions
 g - 15 potions of blood
 h - a potion of flight {unknown}
 k - a potion of invisibility {unknown}
 l - 2 potions of cure mutation {unknown}
 m - a potion of curing {unknown}
 p - a potion of degeneration {unknown}
 r - a potion of resistance {unknown}


   Skills:
 + Level 1.9 Fighting
 + Level 2.7 Short Blades
 + Level 1.9 Throwing
 + Level 2.1 Dodging
 * Level 8.4 Stealth


You had 3 spell levels left.
You didn't know any spells.

Dungeon Overview and Level Annotations

Branches:
Dungeon (3/15)

Altars:
Ru

Annotations:
D:3 Grinder


Innate Abilities, Weirdness & Mutations

You heal slowly.
You have razor-sharp teeth.
You have supernaturally acute eyesight.
You are frail (-10% HP).
You can survive without breathing.


Message History

A hobgoblin is nearby!
A hobgoblin is nearby!
A hobgoblin is nearby!
Grinder comes into view.
Found 11 gold pieces.
A hobgoblin comes into view. It is wielding a club.
The hobgoblin barely misses you. The hobgoblin misses you.
A goblin comes into view.
Grinder shouts!
You hear a shout!
The goblin shouts!
Grinder gestures at you. Pain shoots through your body!
The hobgoblin misses you. Grinder gestures at you.
Pain shoots through your body!
* * * LOW HITPOINT WARNING * * *
Grinder barely misses you. The hobgoblin misses you. Grinder gestures at you.
You resist with significant effort. The hobgoblin misses you.
The hobgoblin hits you with a club.
You die...

#.#.#.# #.#
##.#.#.##
#.#########
#......$#
#..>.......
#.#....###.#.######
#...#......#.....###
#.....#####.....')#
#.......# #.....#.#
#...#.#.# #.....#.#
#5@g###........[...
#..g........#######
###g###...... .. #.#
...... .. #.# . # ##
#.# #.. #. ### #. ..
####


You could see Grinder, 2 hobgoblins and a goblin.

Vanquished Creatures
  A hound (D:3)
  4 gnolls (D:2)
  2 adders
  A worm (D:3)
  A dart slug (D:1)
  2 giant geckos (D:2)
  An orc (D:3)
  2 bats
  4 giant cockroaches
  4 goblins
  3 hobgoblins
  2 jackals (D:3)
  2 giant newts (D:2)
  8 kobolds
  7 rats
44 creatures vanquished.

Notes
Turn   | Place    | Note
--------------------------------------------------------------
     0 | D:1      | dohliylev the Vampire Assassin began the quest for the Orb.
     0 | D:1      | Reached XP level 1. HP: 16/16 MP: 1/1
    60 | D:1      | Reached skill level 6 in Stealth
   209 | D:1      | Reached XP level 2. HP: 11/22 MP: 2/2
   704 | D:2      | Reached skill level 7 in Stealth
   849 | D:2      | Reached XP level 3. HP: 27/27 MP: 3/3
  1342 | D:2      | Reached XP level 4. HP: 25/33 MP: 4/4
  1349 | D:2      | Reached skill level 8 in Stealth
  1413 | D:3      | Found a faded altar to an unknown god.
  1501 | D:3      | Became a worshipper of Ru the Awakened
  1516 | D:3      | Gained mutation: You are frail (-10% HP). [Ru sacrifice]
  1553 | D:3      | Noticed Grinder
  1564 | D:3      | Slain by a hobgoblin

Vault maps used:
D:1:      minmay_arrival_diagonal_passages, minmay_misc_feat_chi
D:3:      ecumenical_altar_1, first_bread, uniq_natasha, uniq_grinder

Skill      XL: |  1  2  3  4 |
---------------+-------------+-----
Stealth        | 6 7 8 |  8.4
Dodging        | 2 |  2.1
Fighting       | |  1.9
Short Blades   | |  2.7
Throwing       | |  1.9

Action                   |  1- 3 |  4- 6 || total
-------------------------+-------+-------++-------
Melee: Dagger            |    80 |    45 ||   125
 Fire: Blowgun           |    10 |     4 ||    14
Invok: Sacrifice Health  |       |     1 ||     1
  Use: Potion            |     1 |       ||     1
 Stab: Sleeping          |    11 |       ||    11
       Distracted        |     2 |       ||     2
